Map: Ruins of Seras

Players

Nerchio - Winner!

  • Race: Zerg Zerg
  • League: Grandmaster

MajeStic

  • Race: Protoss Protoss
  • League: Grandmaster

Event: DreamHack ROCCAT LotV Championship

VOD

Have the link to the VOD?

Description

Time

  • Played on: Nov. 26, 2015, 2:09 p.m.
  • Length: 7:25

All games in this series

Show
View Real Time Build Order
Export as new Build Order

Nerchio Zerg - Winner!

Build Orders: Hatch First 

Get SALT Encoding   

  12  0:01  Drone  
  13  0:12  Overlord  
  13  0:17  Drone  
  14  0:31  Drone x2  
  14  0:34  Drone  
  17  0:53  Hatchery  
  17  0:57  Drone  
  17  1:00  Drone  
  18  1:05  Extractor  
  17  1:16  Spawning Pool  
  16  1:19  Drone  
  16  1:23  Drone  
  18  1:28  Drone  
  19  1:38  Overlord  
  19  1:51  Drone  
  20  2:02  Queen  
  20  2:03  Zergling x2  
  20  2:05  Queen  
  25  2:10  Metabolic Boost  
  25  2:13  Drone  
  26  2:17  Drone  
  26  2:20  Drone  
  28  2:23  Drone  
  28  2:26  Drone  
  30  2:32  Drone  
  31  2:37  Drone  
  31  2:39  Evolution Chamber  
  31  2:50  Hatchery  
  30  2:56  Zergling x4  
  30  2:57  Zergling x2  
  33  3:01  Overlord  
  33  3:07  Zergling x2  
  33  3:09  Zergling x4  
  36  3:15  Overlord  
  35  3:20  Zergling x6  
  35  3:22  Zergling x2  
  35  3:25  Zergling x2  
  40  3:32  Overlord  
  41  3:34  Drone  
  41  3:40  Drone x2  
  42  3:45  Drone x4  
  46  3:48  Drone  
  46  3:49  Drone  
  46  3:52  Drone  
  49  3:57  Overlord  
  49  4:02  Queen  
  49  4:05  Drone  
  49  4:07  Drone  
  49  4:09  Drone  
  54  4:14  Drone x3  
  57  4:17  Drone  
  57  4:19  Drone x2  
  57  4:21  Drone  
  57  4:22  Drone  
  59  4:24  Drone  
  59  4:26  Drone  
  59  4:27  Drone  
  61  4:32  Drone  
  61  4:34  Drone  
  61  4:35  Zerg Melee Weapons Level 1, Extractor x2  
  59  4:38  Drone  
  59  4:39  Extractor  
  59  4:40  Drone  
  59  4:48  Roach Warren  
  59  4:49  Spore Crawler  
  59  4:51  Spore Crawler x2  
  52  4:53  Drone x2  
  52  4:54  Drone  
  52  4:58  Overlord  
  55  5:05  Zergling x2  
  55  5:06  Zergling x8  
  60  5:10  Drone  
  60  5:11  Drone x3  
  60  5:14  Overlord  
  64  5:16  Overlord  
  64  5:23  Drone x2  
  66  5:29  Pneumatized Carapace  
  66  5:30  Roach x2  
  66  5:33  Roach  
  72  5:37  Roach x3  
  72  5:38  Roach  
  72  5:42  Lair  
  80  5:46  Roach x2  
  80  5:48  Drone  
  80  5:49  Drone  
  85  5:51  Overlord  
  85  5:53  Overlord  
  85  6:02  Roach x2  
  85  6:03  Overlord  
  89  6:05  Overlord x2  
  89  6:17  Roach x3  
  94  6:35  Roach x3  
  94  6:36  Ravager x6  
  94  6:37  Zergling x6  
  94  6:38  Zergling x16  
  117  6:42  Overlord  
  117  6:46  Zergling x6  
  120  6:52  Overlord  
  120  6:53  Overlord  
  120  6:54  Overlord x2  
  120  6:56  Overlord x2  
  120  7:01  Roach  
  120  7:02  Roach  
Show
View Real Time Build Order
Export as new Build Order

MajeStic Protoss 

Build Orders: Nexus First 

Get SALT Encoding   

  12  0:01  Probe (Chrono Boost)  
  13  0:11  Probe (Chrono Boost)  
  14  0:19  Pylon  
  14  0:22  Probe (Chrono Boost)  
  15  0:38  Probe (Chrono Boost)  
  16  0:48  Probe (Chrono Boost)  
  17  0:59  Nexus  
  17  1:11  Gateway  
  17  1:13  Probe (Chrono Boost)  
  17  1:18  Assimilator  
  18  1:23  Probe (Chrono Boost)  
  19  1:34  Probe (Chrono Boost), Assimilator  
  20  1:40  Gateway  
  20  1:44  Probe (Chrono Boost)  
  21  1:55  Probe (Chrono Boost)  
  21  1:59  Cybernetics Core  
  22  2:05  Probe (Chrono Boost)  
  23  2:12  Probe (Chrono Boost)  
  24  2:16  Probe (Chrono Boost)  
  25  2:23  Probe (Chrono Boost)  
  25  2:26  Probe (Chrono Boost)  
  27  2:35  Mothership Core (Chrono Boost)  
  27  2:36  Adept (Chrono Boost)  
  32  2:37  Probe (Chrono Boost), Adept (Chrono Boost)  
  32  2:40  Warp Gate  
  34  2:46  Pylon  
  34  2:49  Probe (Chrono Boost)  
  35  2:56  Probe (Chrono Boost)  
  36  3:00  Probe (Chrono Boost)  
  37  3:07  Probe (Chrono Boost), Stargate  
  37  3:11  Probe (Chrono Boost)  
  39  3:18  Probe (Chrono Boost)  
  40  3:21  Probe (Chrono Boost)  
  41  3:28  Probe (Chrono Boost), Forge  
  41  3:29  Pylon  
  41  3:31  Assimilator  
  41  3:32  Probe (Chrono Boost)  
  43  3:38  Adept (Chrono Boost)  
  43  3:39  Adept (Chrono Boost)  
  43  3:44  Gateway  
  43  3:47  Gateway  
  43  3:54  Gateway  
  43  3:58  Pylon  
  43  4:04  Adept (Chrono Boost)  
  43  4:07  Phoenix  
  43  4:09  Probe x2  
  49  4:11  Assimilator  
  49  4:13  Assimilator  
  49  4:16  Adept (Chrono Boost)  
  48  4:25  Pylon  
  43  4:47  Adept x3  
  43  4:52  Probe x2  
  49  4:59  Protoss Ground Weapons Level 1  
  49  5:03  Sentry  
  49  5:04  Probe x2  
  53  5:10  Robotics Facility  
  53  5:16  Probe x2  
  53  5:19  Pylon  
  55  5:24  Sentry  
  57  5:28  Probe  
  57  5:29  Probe  
  57  5:34  Adept x2  
  63  5:38  Adept  
  63  5:40  Probe  
  63  5:41  Probe  
  67  5:49  Gateway  
  67  5:51  Gateway  
  67  6:03  Gateway, Warp Prism (Chrono Boost)  
  69  6:07  Sentry x2  
  69  6:10  Adept  
  75  6:15  Pylon  
  75  6:23  Adept, Pylon  
  77  6:32  Pylon  
  77  6:38  Adept x2  
  81  6:40  Adept  
  81  6:46  Zealot  
  85  6:50  Pylon  
  85  7:02  Stalker x4  
  93  7:12  Stalker x2  
  87  7:17  Adept  

Tags
 
Add a new tag
Caveats
  • Supply blocks, unpowered buildings, or Contaminate may cause inaccurate times.
  • Supply counts are checked every 10 seconds.